 Dungeon Crawl Stone Soup version 0.30.1-4-g462c640d31 (webtiles) character file.

Game seed: 9317901870489532170

67 GimliDwarf the Thaumaturge (level 4, -3/32 HPs)
             Began as a Gnoll Wanderer on Aug 15, 2023.
             Slain by a sky beast (6 damage)
             ... on level 3 of the Dungeon.
             The game lasted 00:05:41 (2134 turns).

GimliDwarf the Thaumaturge (Gnoll Wanderer)         Turns: 2134, Time: 00:05:42

Health: -3/32      AC:  2    Str:  9    XL:     4   Next: 18%
Magic:  17/17      EV: 26    Int: 13    God:
Gold:   139        SH:  4    Dex: 14    Spells: 21/25 levels left

rFire   . . .        f - +2 short sword (protect)
rCold   . . .        d - +0 buckler
rNeg    . . .        c - +0 robe
rPois   .            (no helmet)
rElec   .            (no cloak)
rCorr   .            (no gloves)
SInv    .            (no boots)
Will    .....        i - amulet of the acrobat
Stlth   ++           (no ring)
HPRegen 0.25/turn    (no ring)
MPRegen 0.15/turn

%: acrobat
@: acrobatic
A: fangs 1, strong nose, distributed training
a: no special abilities


You were on level 3 of the Dungeon.
You visited 1 branch of the dungeon, and saw 3 of its levels.

You collected 139 gold pieces.

Inventory:

Hand Weapons
 f - a +2 short sword of protection (weapon)
Armour
 c - a +0 robe (worn)
 d - a +0 buckler (worn)
Magical Staves
 a - a staff of death
Jewellery
 i - an amulet of the acrobat (around neck)
Scrolls
 b - a scroll of fog
Potions
 h - a potion of curing {unknown}
 j - a potion of flight {unknown}
 k - a potion of lignification {unknown}


   Skills:
 + Level 1.1 Fighting
 + Level 1.1 Short Blades
 + Level 1.1 Long Blades
 + Level 1.1 Axes
 + Level 1.1 Maces & Flails
 + Level 1.1 Polearms
 + Level 1.1 Staves
 + Level 1.1 Ranged Weapons
 + Level 1.1 Throwing
 + Level 1.1 Armour
 + Level 1.1 Dodging
 + Level 1.1 Stealth
 + Level 2.7 Shields
 + Level 1.1 Unarmed Combat
 + Level 11.3 Spellcasting
 + Level 0.8 Conjurations
 + Level 0.8 Hexes
 + Level 0.8 Summonings
 + Level 0.8 Necromancy
 + Level 0.8 Translocations
 + Level 5.4 Transmutations
 + Level 0.8 Fire Magic
 + Level 0.8 Ice Magic
 + Level 0.8 Air Magic
 + Level 0.8 Earth Magic
 + Level 0.8 Poison Magic
 + Level 1.2 Invocations
 + Level 1.1 Evocations


You had 21 spell levels left.
You knew the following spells:

 Your Spells              Type           Power      Damage    Failure   Level
a - Sting                 Tmut/Pois      60%        1d6       4%          1
b - Beastly Appendage     Tmut           42%        N/A       1%          1
c - Momentum Strike       Conj/Tloc      18%        3d8       16%         2

Your spell library contained the following spells:

 Spells                   Type           Power      Damage    Failure   Level
 Wereblood                Tmut           21%        N/A       2%          2
 Lesser Beckoning         Tloc           18%        N/A       16%         2
 Ignite Poison            Fire/Tmut/Pois 13%        N/A       16%         3
 Vhi's Electric Charge    Tloc/Air       18%        N/A       30%         3
 Arcjolt                  Conj/Air       4%         1d14      96%         5
 Plasma Beam              Fire/Air       4%         2x1d16    100%        6


Dungeon Overview and Level Annotations

Branches:
Dungeon (3/15)

Altars:


Innate Abilities, Weirdness & Mutations

You have very sharp teeth.
Your uncanny sense of smell can sniff out nearby items.
Your experience applies equally to all skills.


Message History

You miss the sky beast.
The sky beast is heavily wounded.
The sky beast flickers out of sight!
Deactivating autopickup; reactivate with Ctrl-A.
Something hits you but does no damage.
A sky beast appears from thin air!
Reactivating autopickup.
The sky beast attacks as you move away! The sky beast completely misses you.
The sky beast flickers out of sight!
Deactivating autopickup; reactivate with Ctrl-A.
A sky beast appears from thin air!
Reactivating autopickup.
The sky beast attacks as you move away! The sky beast barely misses you.
The sky beast flickers out of sight!
Deactivating autopickup; reactivate with Ctrl-A.
Something barely misses you.
There is an open door here.
Something closely misses you. Something completely misses you.
Something barely misses you.
A sky beast appears from thin air!
Reactivating autopickup.
The sky beast attacks as you move away! The sky beast misses you.
The sky beast attacks as you move away! The sky beast completely misses you.
The sky beast attacks as you move away! The sky beast completely misses you.
The sky beast attacks as you move away! The sky beast completely misses you.
The sky beast attacks as you move away! The sky beast closely misses you.
The sky beast attacks as you move away!
The sky beast hits you but does no damage.
The sky beast flickers out of sight!
Deactivating autopickup; reactivate with Ctrl-A.
Something hits you.
* * * LOW HITPOINT WARNING * * *
Something shocks you.
* * * LOW HITPOINT WARNING * * *
Something misses you. Something hits you.
* * * LOW HITPOINT WARNING * * *
Something shocks you.
You die...

#.##......#.# #........
#..'......#.#########..#.....
#.##......#.~....#...........
#.##......######.#.##..###.##
#.........# #.#. #.......#
#######'### #.#. #.##.#.##
#.# #.#. #.. ...
#.########.#. ### ###
#.......@..#. ∆ ############.


There were no monsters in sight!

Vanquished Creatures
  3 adders
  A dart slug (D:2)
  A ball python (D:1)
  2 endoplasms (D:1)
  A giant cockroach (D:2)
  4 hobgoblins
  4 quokkas
  5 bats
  A frilled lizard (D:1)
  6 goblins
  6 kobolds
  4 rats
38 creatures vanquished.

Notes
Turn   | Place    | Note
-------+----------+-------------------------------------------
     0 | D:1      | Reached skill level 11 in Spellcasting
     0 | D:1      | GimliDwarf the Gnoll Wanderer began the quest for the Orb.
     0 | D:1      | GimliDwarf set off with the following items: a +0 dagger, a
                  | scroll of fog, a +0 robe, a +0 buckler; and the following
                  | spells available to memorise: Beastly Appendage, Wereblood,
                  | Sting, Lesser Beckoning, Momentum Strike, Ignite Poison.
     0 | D:1      | Reached XP level 1. HP: 13/13 MP: 12/12
    97 | D:1      | Learned a level 1 spell: Sting
    99 | D:1      | Learned a level 1 spell: Beastly Appendage
   301 | D:1      | Reached XP level 2. HP: 19/19 MP: 8/14
   777 | D:1      | Learned a level 2 spell: Momentum Strike
  1072 | D:2      | Reached XP level 3. HP: 25/25 MP: 11/15
  1408 | D:2      | Reached skill level 1 in Invocations
  1620 | D:2      | Reached skill level 1 in Fighting
  1620 | D:2      | Reached skill level 1 in Short Blades
  1620 | D:2      | Reached skill level 1 in Long Blades
  1620 | D:2      | Reached skill level 1 in Axes
  1620 | D:2      | Reached skill level 1 in Maces & Flails
  1620 | D:2      | Reached skill level 1 in Polearms
  1620 | D:2      | Reached skill level 1 in Staves
  1620 | D:2      | Reached skill level 1 in Ranged Weapons
  1620 | D:2      | Reached skill level 1 in Throwing
  1620 | D:2      | Reached skill level 1 in Armour
  1620 | D:2      | Reached skill level 1 in Dodging
  1620 | D:2      | Reached skill level 1 in Stealth
  1620 | D:2      | Reached skill level 1 in Unarmed Combat
  1620 | D:2      | Reached skill level 1 in Evocations
  1716 | D:2      | Reached XP level 4. HP: 31/32 MP: 12/17
  2085 | D:3      | Noticed a sky beast
  2134 | D:3      | Slain by a sky beast

Illustrated notes

Levels and vault maps discovered:
D:1:      roderic_crossed_star, layout_basic
D:2:      layout_loops_ring
D:3:      layout_basic

Skill      XL: |  1  2  3 |
---------------+----------+-----
Spellcasting   | | 11.3
Invocations    | 1 |  1.2
Fighting       | 1 |  1.1
Short Blades   | 1 |  1.1
Long Blades    | 1 |  1.1
Axes           | 1 |  1.1
Maces & Flails | 1 |  1.1
Polearms       | 1 |  1.1
Staves         | 1 |  1.1
Ranged Weapons | 1 |  1.1
Throwing       | 1 |  1.1
Armour         | 1 |  1.1
Dodging        | 1 |  1.1
Stealth        | 1 |  1.1
Unarmed Combat | 1 |  1.1
Evocations     | 1 |  1.1
Shields        | |  2.7
Conjurations   | |  0.8
Hexes          | |  0.8
Summonings     | |  0.8
Necromancy     | |  0.8
Translocations | |  0.8
Transmutations | |  5.4
Fire Magic     | |  0.8
Ice Magic      | |  0.8
Air Magic      | |  0.8
Earth Magic    | |  0.8
Poison Magic   | |  0.8

Action                     |  1- 3 |  4- 6 || total
---------------------------+-------+-------++-------
  Melee: Dagger            |     9 |       ||     9
         Short sword       |    16 |    24 ||    40
         Bite              |       |     1 ||     1
   Cast: Sting             |    56 |     3 ||    59
         Momentum Strike   |     1 |       ||     1
    Use: Scroll            |     4 |     3 ||     7
 Armour: Robe              |     5 |    16 ||    21
  Dodge: Dodged            |    18 |    17 ||    35
  Block: Buckler           |     8 |     4 ||    12
